 Dungeon Crawl Stone Soup version 0.13-a0-2911-g4e06f6f (console) character file.

1224 5ubbak the Sneak (level 8, -5/46 HPs)
             Began as an Octopode Enchanter on Sept 1, 2013.
             Slain by a troll (6 damage)
             ... on Level 5 of the Dungeon.
             The game lasted 00:23:05 (6365 turns).

5ubbak the Sneak (Octopode Enchanter)               Turns: 6365, Time: 00:23:05

HP  -5/46        AC  6     Str  8      XL: 8   Next: 10%
MP   8/16        EV 14     Int 19      God:
Gold 301         SH  0     Dex 12      Spells:  4 memorised,  4 levels left

Res.Fire  : . . .   See Invis. : .   a - +0,+1 dagger (venom)
Res.Cold  : . . .   Warding    : .   (no shield)
Life Prot.: . . .   Conserve   : .   (helmet restricted)
Res.Poison: .       Res.Corr.  : .   (no amulet)
Res.Elec. : .       Clarity    : .   C - ring of flight
Sust.Abil.: . .     Spirit.Shd : .   v - +5 ring of protection
Res.Mut.  : .       Stasis     : .   (no ring)
Res.Rott. : .       Flight     : .   (no ring)
Saprovore : . . .                    (no ring)
                                     (no ring)
                                     (no ring)
                                     (no ring)

@: slightly resistant to hostile enchantments, very stealthy
A: almost no armour, amphibious, 8 rings, constrict 8, camouflage 1, AC +1
a: Evoke Flight


You were on level 5 of the Dungeon.
You were not hungry.

You visited 1 branch of the dungeon, and saw 5 of its levels.

You collected 281 gold pieces.

Inventory:

Hand weapons
 a - a +0,+1 dagger of venom (weapon)
 b - a +0,+1 short sword of draining
 j - a +3,+3 quarterstaff of chaos
 F - a +0 blowgun
 H - a +1,+2 short sword of venom
 K - a +1,+1 quarterstaff of protection
Missiles
 d - 12 darts (quivered)
 O - 13 poisoned needles
Magical devices
 G - a wand of magic darts (9) {unknown}
Comestibles
 f - 6 bread rations
 r - 3 chokos
 s - an orange
 w - 8 grapes
 x - a pear
 z - a meat ration
 M - a rotting chunk of rat flesh
 R - 2 chunks of quokka flesh
 S - a chunk of bat flesh
 T - 2 chunks of worker ant flesh
Scrolls
 e - 5 scrolls of fog {unknown}
 k - a scroll of curse weapon {unknown}
 l - 5 scrolls of identify {unknown}
 m - 6 scrolls of remove curse {unknown}
 n - 2 scrolls of enchant armour {unknown}
 p - 2 scrolls of enchant weapon II {unknown}
 t - a scroll of recharging {unknown}
 u - 6 scrolls of magic mapping {unknown}
 y - a scroll of noise {unknown}
 I - a scroll of curse jewellery {unknown}
 J - a scroll of curse armour {unknown}
 L - 2 scrolls of teleportation {unknown}
Jewellery
 v - a +5 ring of protection (right tentacle)
 C - a ring of flight (left tentacle)
Potions
 g - 2 potions of curing
 i - a potion of agility {unknown}
 q - a potion of brilliance {unknown}
 A - a potion of heal wounds {unknown}
 B - a potion of confusion {unknown}
 D - a potion of might {unknown}
 E - a potion of degeneration {unknown}
 N - a potion of beneficial mutation {unknown}
 P - 2 potions of invisibility {unknown}
Books
 c - a book of Maledictions

   Spells                             Type                      Level
   *Corona                            Hexes                        1
   Sure Blade                         Hexes/Charms                 2
   *Ensorcelled Hibernation           Hexes/Ice                    2
   *Confuse                           Hexes                        3
   Enslavement                        Hexes                        4
   Invisibility                       Hexes                        6
 h - a book of Changes

   Spells                             Type                      Level
   Beastly Appendage                  Transmutation                1
   Sticks to Snakes                   Transmutation                2
   *Spider Form                       Transmutation/Poison         3
   Ice Form                           Ice/Transmutation            4
   Blade Hands                        Transmutation                5
Magical staves
 Q - an uncursed staff of earth


   Skills:
 + Level 0.2 Fighting
 * Level 3.0 Short Blades
 - Level 1.0 Throwing
 + Level 4.7 Dodging
 + Level 6.2 Stealth
 + Level 3.1 Spellcasting
 * Level 5.3 Hexes
 + Level 1.3 Ice Magic
 + Level 1.2 Poison Magic


You had 4 spell levels left.
You knew the following spells:

 Your Spells              Type           Power        Failure   Level  Hunger
a - Corona                Hex            ###....      1%          1    None
b - Ensorcelled Hibernat  Hex/Ice        ###...       8%          2    ##.....
c - Confuse               Hex            ###.....     6%          3    ###....
d - Spider Form           Trmt/Pois      #.........   38%         3    ###....


Dungeon Overview and Level Annotations

Branches:
Dungeon (5/27)
 Temple: D:4-7

Altars:

Shops:
D:5 (

Annotations:
D:3 5ubbak's ghost, average OpEn
D:4 Blork the orc; Duvessa; bronies4ever's ghost, average OgBe


Innate Abilities, Weirdness & Mutations

You cannot wear most types of armour.
You are amphibious.
You can wear up to eight rings at the same time.*
You can use your tentacles to constrict many enemies at once.*
Your skin changes colour to match your surroundings (Stlth).*
Your rubbery body absorbs attacks (AC +1).*


Message History

Aim: a troll (heavily wounded, poisoned)
The troll appears confused.
You hit the troll but do no damage.
The troll looks even sicker.
The troll is heavily wounded.
You hit the troll.
The troll looks even sicker.
The troll is heavily wounded.
You hit the troll but do no damage.
The troll looks even sicker.
The troll is severely wounded.
The troll misses you. The troll closely misses you.
The troll closely misses you.
You barely miss the troll.
The troll is severely wounded.
You hit the troll.
The troll is severely wounded.
The troll bites you!
* * * LOW HITPOINT WARNING * * *
The troll misses you. The troll closely misses you.
The troll seems less confused.
The troll completely misses you. The troll claws you.
You die...

.........#.# .........
....#+##.#.# #########.#.######
.......#.#.# #.................
.#.......#.# #..[....###.######
.#.......#.#####.......#(#.......
.#.............##......###.#.##.#
.#.....#.#.###.#....# ........
.#.....#.#.# #.#...^# #.####.#
.#.#..##.#.# #.#@#.##.# #.#.....
.#.#..##.#.# #.#.T....# #......#
.#.f..##.#.###.#..########.##.###
.).#.###.#.....#.......)..)......
####.# #.#######.........#.##.###
. ..# #.#...# #<........+.......
### #<#.#.####........#.##.###
########.#.#.............#.##.# #
)........#.######........#.##.# #


You could see a troll.

Vanquished Creatures
  3 ogres
  Dowan (D:4)
  A crimson imp (D:5)
  A giant frog zombie (D:5)
  Crazy Yiuf (D:3)
  A giant frog skeleton (D:4)
  An orc priest (D:4)
  5 orc wizards
  An iguana (D:4)
  A scorpion (D:4)
  4 worker ants
  Jessica (D:3)
  7 adders
  5 worms
  An adder skeleton (D:4)
  3 giant geckos
  13 orcs
  3 ball pythons
  13 bats
  10 hobgoblins
  2 jackals (D:5)
  10 kobolds
  4 quokkas
  4 giant cockroaches
  12 giant newts
  13 goblins
  17 rats
  A rat zombie (D:5)
139 creatures vanquished.

Notes
Turn   | Place    | Note
--------------------------------------------------------------
     0 | D:1      | 5ubbak, the Octopode Enchanter, began the quest for the Orb.
     0 | D:1      | Reached XP level 1. HP: 11/11 MP: 3/3
   265 | D:1      | Reached XP level 2. HP: 7/17 MP: 4/4
   281 | D:1      | Learned a level 2 spell: Ensorcelled Hibernation
   971 | D:1      | Reached XP level 3. HP: 21/21 MP: 6/6
  1740 | D:2      | Reached XP level 4. HP: 23/27 MP: 2/7
  1750 | D:2      | Learned a level 3 spell: Confuse
  2326 | D:3      | Reached skill level 4 in Stealth
  2588 | D:3      | Reached XP level 5. HP: 31/31 MP: 3/9
  2721 | D:3      | Noticed 5ubbak's ghost (average OpEn)
  2782 | D:3      | Noticed an ice beast
  3650 | D:3      | Noticed Jessica
  3762 | D:3      | Killed Jessica
  3880 | D:3      | Noticed Crazy Yiuf
  3887 | D:3      | Killed Crazy Yiuf
  3887 | D:3      | Reached XP level 6. HP: 36/36 MP: 8/11
  4186 | D:4      | Reached skill level 5 in Stealth
  4417 | D:4      | Reached XP level 7. HP: 36/41 MP: 1/13
  4569 | D:4      | Noticed Duvessa
  4569 | D:4      | Noticed Dowan
  4638 | D:4      | Killed Dowan
  5163 | D:4      | Reached skill level 5 in Hexes
  5171 | D:4      | Learned a level 3 spell: Spider Form
  5228 | D:4      | Noticed Blork the orc
  5245 | D:5      | Entered Level 5 of the Dungeon
  5609 | D:4      | Noticed bronies4ever's ghost (average OgBe)
  6010 | D:5      | Reached skill level 6 in Stealth
  6136 | D:5      | Found Hiefror's Weapon Boutique.
  6252 | D:5      | Reached skill level 1 in Ice Magic
  6252 | D:5      | Reached skill level 1 in Poison Magic
  6252 | D:5      | Reached XP level 8. HP: 46/46 MP: 9/16
  6347 | D:5      | Noticed a troll
  6364 | D:5      | HP: 1/46 [troll (17)]
  6365 | D:5      | Slain by a troll

Action                   |  1- 3 |  4- 6 |  7- 9 || total
-------------------------+-------+-------+-------++-------
Melee: Dagger            |    25 |   106 |   115 ||   246
       Short sword       |    48 |    25 |       ||    73
 Cast: Ensorcelled Hiber |     7 |    36 |    18 ||    61
       Corona            |     1 |       |       ||     1
       Confuse           |       |     6 |    11 ||    17
  Use: Potion            |       |     1 |       ||     1
 Stab: Sleeping          |    11 |    31 |    14 ||    56
       Distracted        |       |     1 |       ||     1
